 Dungeon Crawl Stone Soup version 0.20-a0-427-g8b12978 (webtiles) character file.

2972 Kriby the Fighter (level 9, -2/76 HPs)
             Began as a Mummy Fighter on Jan 1, 2017.
             Slain by a wolf (7 damage)
             ... led by Grum
             ... on level 7 of the Dungeon.
             The game lasted 00:10:13 (9199 turns).

Kriby the Fighter (Mummy Fighter)                   Turns: 9199, Time: 00:10:14

Health: -2/76      AC: 14    Str: 20    XL:     9   Next: 53%
Magic:  9/9        EV:  4    Int:  7    God:
Gold:   328        SH: 10    Dex: 14    Spells: 8/8 levels left

rFire  x . .     SeeInvis .     a - +0 war axe
rCold  + . .     Gourm    .     q - +0 plate armour
rNeg   + + +     Faith    .     c - +0 shield
rPois  ∞         Spirit   .     (no helmet)
rElec  .         Reflect  .     (no cloak)
rCorr  .         Harm     .     g - +0 pair of gloves
MR     ++...                    v - +0 pair of boots
Stlth  ..........               (no amulet)
                                i - ring of protection from magic
                                h - ring of loudness (curse)

@: no status effects
A: no food or potions, fire vulnerability, cold resistance 1, negative energy
resistance 3, torment resistance, unbreathing
a: no special abilities


You were on level 7 of the Dungeon.
You were not hungry.

You visited 2 branches of the dungeon, and saw 9 of its levels.

You collected 328 gold pieces.

Inventory:

Hand Weapons
 a - a +0 war axe (weapon)
Missiles
 s - a tomahawk
 u - 2 javelins
 x - 3 silver tomahawks (quivered)
Armour
 c - a +0 shield (worn)
 g - a +0 pair of gloves (worn)
 p - a +1 chain mail of cold resistance
 q - a +0 plate armour (worn)
 v - a +0 pair of boots (worn)
Jewellery
 h - a cursed ring of loudness (left hand)
 i - a ring of protection from magic (right hand)
 B - a +3 ring of strength {unknown}
Wands
 z - a wand of confusion (27/48)
Scrolls
 d - 2 scrolls of fog {unknown}
 e - 6 scrolls of identify
 f - 4 scrolls of remove curse {unknown}
 j - a scroll of amnesia {unknown}
 k - a scroll of magic mapping {unknown}
 l - 2 scrolls of enchant weapon
 n - a scroll of immolation
 o - 2 scrolls of noise {unknown}
 r - 3 scrolls of fear {unknown}
 t - 2 scrolls of blinking {unknown}
 w - 2 scrolls of enchant armour {unknown}
 y - a scroll of recharging {unknown}
Books
 m - a book of Power

   Spells                             Type                      Level
   a - Fulminant Prism                Conjuration/Hexes            4
   b - Iskenderun's Mystic Blast      Conjuration                  4
   c - Venom Bolt                     Conjuration/Poison           5
   d - Bolt of Magma                  Conjuration/Fire/Earth       5
   e - Iron Shot                      Conjuration/Earth            6
   f - Orb of Destruction             Conjuration                  7
   g - Spellforged Servitor           Conjuration/Summoning        7
 A - a book of Minor Magic

   Spells                             Type                      Level
   a - Magic Dart                     Conjuration                  1
   b - Blink                          Translocation                2
   c - Call Imp                       Summoning                    2
   d - Repel Missiles                 Charms/Air                   2
   e - Slow                           Hexes                        2
   f - Conjure Flame                  Conjuration/Fire             3
   g - Mephitic Cloud                 Conjuration/Poison/Air       3


   Skills:
 * Level 9.0 Fighting
 + Level 4.3 Axes
 + Level 4.2 Throwing
 + Level 4.8 Armour
 + Level 4.9 Shields


You had 8 spell levels left.
You didn't know any spells.

Dungeon Overview and Level Annotations

Branches:
Dungeon (8/15)             Temple (1/1) D:4
   Lair: D:8-11

Altars:
Elyvilon
Fedhas
Hepliaklqana
Kikubaaqudgha
Makhleb
Nemelex Xobeh
Okawaru
Qazlal
Ru
Sif Muna
Trog
Uskayaw
Vehumet
Xom
Zin
The Shining One

Annotations:
D:8 Grum


Innate Abilities, Weirdness & Mutations

You do not eat or drink.
Your flesh is vulnerable to fire.
You are immune to poison.
Your flesh is cold resistant. (rC+)
You are immune to negative energy. (rN+++)
You are immune to unholy pain and torment.
You can survive without breathing.


Message History

* * * LOW HITPOINT WARNING * * *
The wolf bites you but does no damage.
Your plate armour prevents you from hitting the wolf.
The wolf is severely wounded.
You block the wolf's attack. The wolf bites you but does no damage.
You miss the wolf.
The wolf is severely wounded.
The wolf bites you.
* * * LOW HITPOINT WARNING * * *
The wolf bites you but does no damage. x2
Your plate armour prevents you from hitting the wolf.
The wolf is severely wounded.
The wolf barely misses you. x2
Things that are here:
a dagger; a leather armour; an orc corpse You block the wolf's attack.
You closely miss the wolf.
The wolf is severely wounded.
The wolf bites you!
You die...

########## #.........
#####.#..##### ## #.............
.# ##.####.####...
.##################..##.....##.##
..............>h@....#.......#...
....######'###[#####.#.......#..#
.##.# #....#.# #....._.......
.##.# #....### #.#.......#.##
.##.# #....# #.#.......#...
.##.## #....# #.##..)..##.##
.##..# #....# #.####.####...
.###†# #....# #............. ##
#.## #....# #####.#.##.#..


You could see a wolf.

Vanquished Creatures
  A deep elf mage (D:6)
  A troll (D:8)
  A hippogriff (D:7)
  A hungry ghost (D:6)
  Eustachio (D:6)
  Menkaure (D:6)
  A black bear (D:4)
  A necrophage (D:5)
  A wolf (D:7)
  An ogre (D:8)
  A centaur (D:8)
  A big kobold (D:7)
  Blork the orc (D:5)
  A water moccasin skeleton (D:8)
  2 scorpions
  5 howler monkeys
  3 crimson imps
  A bullfrog zombie (D:8)
  4 bullfrog skeletons
  A hound (D:4)
  A centaur skeleton (D:5)
  An orc priest (D:8)
  A jelly (D:7)
  4 orc wizards
  An iguana (D:7)
  Ijyb (D:3)
  3 worker ants
  2 worker ant zombies
  A gnoll (D:4)
  11 adders
  A shadow imp (D:6)
  An ooze (D:4)
  2 worms (D:4)
  A dart slug (D:1)
  3 leopard geckos
  22 orcs
  5 giant cockroaches
  11 hobgoblins
  13 jackals
  2 quokkas (D:7)
  2 ball pythons (D:1)
  4 bats
  2 frilled lizards
  10 goblins
  7 kobolds
  10 rats
152 creatures vanquished.

Notes
Turn   | Place    | Note
-------+----------+-------------------------------------------
     0 | D:1      | Kriby the Mummy Fighter began the quest for the Orb.
     0 | D:1      | Reached XP level 1. HP: 18/18 MP: 1/1
   438 | D:1      | Reached XP level 2. HP: 23/24 MP: 2/2
   866 | D:1      | Reached skill level 4 in Fighting
  1124 | D:2      | Reached XP level 3. HP: 30/30 MP: 3/3
  1604 | D:2      | Found an ancient bone altar of Kikubaaqudgha.
  1779 | D:3      | Noticed Ijyb
  1808 | D:3      | Killed Ijyb
  1808 | D:3      | Reached skill level 5 in Fighting
  1808 | D:3      | Reached XP level 4. HP: 30/39 MP: 4/4
  3036 | D:4      | Reached XP level 5. HP: 39/45 MP: 5/5
  3143 | D:4      | Found a staircase to the Ecumenical Temple.
  3164 | D:4      | Reached skill level 1 in Throwing
  3185 | Temple   | Entered the Ecumenical Temple
  3650 | D:4      | Reached XP level 6. HP: 51/52 MP: 6/6
  3727 | D:4      | Noticed a moth of wrath
  3731 | D:4      | Found a bloodstained altar of Trog.
  3887 | D:4      | Reached skill level 6 in Fighting
  4779 | D:4      | Reached XP level 7. HP: 54/59 MP: 7/7
  4866 | D:5      | Entered Level 5 of the Dungeon
  4911 | D:5      | Found a glowing silver altar of Zin.
  4959 | D:5      | Noticed Blork the orc
  4967 | D:5      | Killed Blork the orc
  5648 | D:6      | Noticed Eustachio
  6049 | D:6      | Found a blossoming altar of Fedhas.
  6053 | D:6      | Killed Eustachio
  6053 | D:6      | Reached skill level 7 in Fighting
  6083 | D:6      | Found a stormy altar of Qazlal.
  6142 | D:6      | Reached XP level 8. HP: 67/67 MP: 8/8
  6218 | D:6      | Found a burning altar of Makhleb.
  6266 | D:6      | Noticed Menkaure
  6274 | D:6      | Killed Menkaure
  7105 | D:6      | Noticed a deep elf mage
  7112 | D:6      | Killed a deep elf mage
  7112 | D:6      | Reached skill level 8 in Fighting
  7217 | D:7      | Found a shimmering altar of Xom.
  7391 | D:7      | Noticed a hippogriff
  7405 | D:7      | Killed a hippogriff
  7405 | D:7      | Reached XP level 9. HP: 54/74 MP: 9/9
  8221 | D:8      | Noticed Grum
  8221 | D:8      | Noticed a troll
  8390 | D:8      | Killed a troll
  9175 | D:7      | Reached skill level 9 in Fighting
  9199 | D:7      | Slain by a wolf

Vault maps used:
D:1:      saegor_arrival_simple_f
D:2:      overflow_temple_1_default, minivault_5, amethyst_killhole
D:3:      first_bread, uniq_iyjb
D:4:      black_bear_nest_1, tgw_trog, minmay_surrounded
D:5:      basic_altar, uniq_blork_the_orc
D:6:      grunt_temple_overflow_forces_of_nature, lemuel_coloured_pillars_altar,
          gup_sewer_entry_glass, minmay_misc_feat_encased,
          guppyfry_early_elven_hall, uniq_eustachio, uniq_menkaure
D:7:      old_standard_altar
D:8:      grunt_pizzeria, kennysheep_boxes, uniq_grum
Temple:   chequers_temple_sunken

Skill      XL: |  1  2  3  4  5  6  7  8  9 |
---------------+----------------------------+-----
Fighting       | 4 5 6 7 8 9 |  9.0
Axes           | 2 3 4 |  4.3
Throwing       | 1 2 3 4 |  4.2
Armour         | 3 4 |  4.8
Shields        | 3 4 |  4.9

Action                   |  1- 3 |  4- 6 |  7- 9 || total
-------------------------+-------+-------+-------++-------
Melee: War axe           |   156 |   229 |   377 ||   762
Throw: Tomahawk          |       |    27 |    58 ||    85
       Javelin           |       |       |    13 ||    13
  Use: Scroll            |       |     3 |     2 ||     5
Armor: Scale mail        |    76 |       |       ||    76
       Chain mail        |    36 |    15 |       ||    51
       Plate armour      |       |   231 |   363 ||   594
Dodge: Dodged            |    63 |    41 |    80 ||   184
Block: Shield            |    91 |   162 |   287 ||   540
